 Dungeon Crawl Stone Soup version 0.32-a0-616-g9348d4545b (webtiles) character file.

Game seed: 7135106512387283037

97 javelincjr the Grasshopper (level 4, 0/35 HPs)
             Began as a Demonspawn Warper on Mar 5, 2024.
             Slain by a jelly (2 damage)
             ... on level 3 of the Dungeon.
             The game lasted 00:02:58 (1481 turns).

javelincjr the Grasshopper (Demonspawn Warper)      Turns: 1481, Time: 00:02:58

Health: 0/35       AC: -9    Str: 14    XL:     4   Next: 42%
Magic:  7/7        EV: 11    Int: 13    God:
Gold:   99         SH:  0    Dex: 12    Spells: 3/7 levels left

rFire   . . .        j - +2 short sword (venom)
rCold   . . .        (no shield)
rNeg    . . .        h - +0 ring mail
rPois   .            (no helmet)
rElec   .            (no cloak)
rCorr   .            f - +0 pair of gloves
SInv    .            (no boots)
Will    .....        (no amulet)
Stlth   +            (no ring)
HPRegen 0.25/turn    (no ring)
MPRegen 0.10/turn

%: no passive effects
@: corroded
A: foul stench 1, spiny 1
a: no special abilities


You were on level 3 of the Dungeon.
You visited 1 branch of the dungeon, and saw 3 of its levels.

You collected 99 gold pieces.

Inventory:

Hand Weapons
 a - a +0 spear
 j - a +2 short sword of venom (weapon)
Missiles
 d - 7 darts of dispersal (quivered)
Armour
 b - a +0 leather armour
 f - a +0 pair of gloves (worn)
 h - a +0 ring mail (worn)
 p - a +0 chain mail
Jewellery
 k - a ring of ice
Scrolls
 c - a scroll of blinking
 e - 3 scrolls of identify {unknown}
 m - a scroll of fog {unknown}
 o - a scroll of enchant weapon {unknown}
Potions
 g - 2 potions of lignification {unknown}
 i - a potion of magic {unknown}
 l - a potion of resistance {unknown}
 n - a potion of might {unknown}
 q - a potion of enlightenment {unknown}


   Skills:
 * Level 3.0 Fighting
 + Level 2.3 Polearms
 - Level 0.8 Throwing
 + Level 1.8 Armour
 + Level 2.2 Dodging
 + Level 2.3 Spellcasting
 + Level 3.0 Translocations


You had 3 spell levels left.
You knew the following spells:

 Your Spells              Type           Power      Damage    Failure   Level
a - Blink                 Tloc           18%        N/A       22%         2
b - Lesser Beckoning      Tloc           18%        N/A       22%         2

Your spell library contained the following spells:

 Spells                   Type           Power      Damage    Failure   Level
 Teleport Other           Tloc           9%         N/A       38%         3
 Tukima's Dance           Hex            1%         N/A       82%         3
 Manifold Assault         Tloc           9%         N/A       80%         4
 Dimensional Bullseye     Hex/Tloc       2%         N/A       95%         4
 Iskenderun's Mystic Bla  Conj/Tloc      5%         2d3       95%         4
 Vhi's Electric Charge    Tloc/Air       10%        N/A       95%         4


Dungeon Overview and Level Annotations

Branches:
Dungeon (3/15)

Altars:
Ashenzari


Innate Abilities, Weirdness & Mutations

You may rarely emit foul miasma when damaged in melee.
You are partially covered in sharp spines.


Message History

You closely miss the giant cockroach.
The giant cockroach is struck by your spines.
The giant cockroach closely misses you.
You barely miss the giant cockroach.
The giant cockroach is moderately wounded.
The giant cockroach is struck by your spines.
The giant cockroach bites you but does no damage.
You closely miss the giant cockroach.
The giant cockroach is heavily wounded.
The giant cockroach misses you.
You hit the giant cockroach but do no damage.
The giant cockroach is poisoned.
The giant cockroach is heavily wounded.
The giant cockroach is struck by your spines.
You kill the giant cockroach!
No target in view!
q - a glowing yellow potion A jelly comes into view.
An adder comes into view.
The adder hisses angrily.
The jelly hits you but does no damage.
You hit the jelly.
Your hands burn!
The jelly is moderately wounded.
The jelly is struck by your spines. The jelly hits you but does no damage.
You hit the jelly. The acid corrodes you!
Your hands burn!
The jelly is severely wounded.
The jelly is struck by your spines. The jelly hits you. The acid corrodes you!
You are splashed with acid!
You hit the jelly but do no damage. The acid corrodes you!
Your hands burn!
The jelly is severely wounded.
The jelly is struck by your spines. The jelly hits you. The acid corrodes you!
You are splashed with acid!
* * * LOW HITPOINT WARNING * * *
You are too injured to fight recklessly!
You are too injured to fight recklessly!
You hit the jelly but do no damage.
Your hands burn!
* * * LOW HITPOINT WARNING * * *
The jelly is severely wounded.
The jelly hits you.
You die...

#.# ### #.#
#.###.## #.#.
#......# #.#.
#####.## #.#. #.#
#.#.##### #.#
#S#..... #.#
#J#...# #######.##
#@##..###........#
#.........########
####..##### ####


You could see a jelly and an adder.

Vanquished Creatures
  4 adders (D:2)
  3 dart slugs
  A ribbon worm (D:2)
  5 bats
  3 endoplasms
  3 giant cockroaches
  3 goblins (D:1)
  4 hobgoblins
  8 jackals
  5 ball pythons
  4 frilled lizards
  3 kobolds (D:1)
  6 rats
52 creatures vanquished.

Notes
Turn   | Place    | Note
-------+----------+-------------------------------------------
     0 | D:1      | javelincjr the Demonspawn Warper began the quest for the
                  | Orb.
     0 | D:1      | Reached XP level 1. HP: 16/16 MP: 3/3
   128 | D:1      | Reached skill level 1 in Armour
   162 | D:1      | Gained mutation: You may rarely emit foul miasma when
                  | damaged in melee. [demonic ancestry]
   162 | D:1      | Reached XP level 2. HP: 6/22 MP: 5/5
   756 | D:1      | Learned a level 2 spell: Blink
   759 | D:1      | Learned a level 2 spell: Lesser Beckoning
   856 | D:2      | Gained mutation: You are partially covered in sharp spines.
                  | [demonic ancestry]
   856 | D:2      | Reached XP level 3. HP: 28/28 MP: 6/6
  1042 | D:2      | Found a broken altar of Ashenzari.
  1258 | D:2      | Reached XP level 4. HP: 33/34 MP: 7/7
  1481 | D:3      | Slain by a jelly

Illustrated notes

Levels and vault maps discovered:
D:1:      dpeg_arrival_concentric_ovals, layout_basic
D:2:      layout_basic, basic_altar, dreamdust_princess_bridge, chequers_garden,
          st_stairs_4
D:3:      layout_basic, led_sif_pool, mainiacjoe_overflow_cross_hatched,
          serial_glass, glass_columns_c, glass_columns_c,
          minmay_misc_feat_secret_circle

Skill      XL: |  1  2  3  4 |
---------------+-------------+-----
Armour         | 1 |  1.8
Polearms       | 2 |  2.3
Dodging        | 2 |  2.2
Translocations | 3 |  3.0
Fighting       | 3 |  3.0
Throwing       | |  0.8
Spellcasting   | |  2.3

Action                     |  1- 3 |  4- 6 || total
---------------------------+-------+-------++-------
  Melee: Spear             |   118 |       ||   118
         Short sword       |    44 |    21 ||    65
 Armour: Leather armour    |    63 |       ||    63
         Ring mail         |    25 |    13 ||    38
  Dodge: Dodged            |    74 |    10 ||    84

Table legend: (Time is in decaauts)
 A = Elapsed time spent in this place.
 B = Non-inter-level travel time spent in this place.
 C = Inter-level travel time spent in this place.
 D = Time resting spent in this place.
 E = Time spent auto-exploring this place.
 F = Levels seen in this place.
 G = Mean time per level.
                   A        B        C        D        E       F      G
               +--------+--------+--------+--------+--------+-----+--------+
         Total |   1480 |   1404 |     76 |      0 |   1067 |   3 |  493.3 |
       Dungeon |   1480 |   1404 |     76 |      0 |   1067 |   3 |  493.3 |
               +--------+--------+--------+--------+--------+-----+--------+

Top non-repeatable levels by time:
     D:1: 824 daAuts
     D:2: 606 daAuts
     D:3: 49 daAuts
